 Dungeon Crawl Stone Soup version 0.22.0-27-ga576289601 (webtiles) character file.

132 Kniotic the Insei (level 4, -1/35 HPs)
             Began as a Demonspawn Monk on Aug 21, 2018.
             Slain by a goblin (4 damage)
             ... led by Robin
             ... on level 2 of the Dungeon.
             The game lasted 00:03:58 (3164 turns).

Kniotic the Insei (Demonspawn Monk)                 Turns: 3164, Time: 00:03:59

Health: -1/35      AC:  2    Str:  9 (12) XL:     4   Next: 92%
Magic:  4/4        EV: 13    Int: 11 (12) God:
Gold:   3          SH:  0    Dex: 13 (15) Spells: 3/3 levels left

rFire    . . .     SeeInvis .     - Unarmed
rCold    . . .     Gourm    .   (no shield)
rNeg     . . .     Faith    .   a - +0 robe
rPois    .         Spirit   .   (helmet restricted)
rElec    .         Reflect  .   (no cloak)
rCorr    .         Harm     .   (no gloves)
MR       .....                  (no boots)
Stlth    ++........             (no amulet)
HPRegen  0.11/turn              (no ring)
MPRegen  0.09/turn              (no ring)

@: no status effects
A: horns 2
a: no special abilities


You were on level 2 of the Dungeon.
You were not hungry.

You visited 1 branch of the dungeon, and saw 2 of its levels.

You collected 3 gold pieces.

Inventory:

Armour
 a - a +0 robe (worn)
Jewellery
 f - a cursed +5 amulet of reflection {unknown}
 l - an uncursed amulet of the gourmand {unknown}
Scrolls
 d - a scroll of immolation
 e - 5 scrolls of identify {unknown}
 g - 2 scrolls of fear {unknown}
 i - a scroll of remove curse {unknown}
 j - a scroll of noise {unknown}
Comestibles
 b - 2 rations
 k - 2 chunks of flesh


   Skills:
 - Level 3.0 Fighting
 - Level 2.6 Dodging
 - Level 1.7 Stealth
 + Level 5.2 Unarmed Combat


You had 3 spell levels left.
You didn't know any spells.
Your spell library was empty.

Dungeon Overview and Level Annotations

Branches:
Dungeon (2/15)

Altars:
Qazlal
Trog
Uskayaw
Xom


Innate Abilities, Weirdness & Mutations

You have a pair of horns on your head.


Message History

* * * LOW HITPOINT WARNING * * *
Robin barely misses you. The goblin hits you.
* * * LOW HITPOINT WARNING * * *
It was a potion of curing.
You feel better.
The hobgoblin throws a tomahawk.
The tomahawk hits you but does no damage.
The goblin hits you.
* * * LOW HITPOINT WARNING * * *
You hit Robin. Your headbutt misses Robin.
Robin is severely wounded.
The goblin hits you with a dagger.
* * * LOW HITPOINT WARNING * * *
The goblin hits you.
* * * LOW HITPOINT WARNING * * *
You hit Robin.
You kill Robin!
The goblin closely misses you.
As you read the scroll labeled EKOGOUCILY, it crumbles to dust.
The creatures around you are filled with an inner flame!
It was a scroll of immolation.
The goblin misses you. The goblin hits you.
You die...

### #####..### #.....[..
#.##...#### ########
#.##.......
#......#########.##...#
#.####......(.(..(.)..# #.#
############.##..#
#.##########..@gr.....#
#.##.........)gg..#...#
###.##.#######.######......
....##.# ####.# ..###
..####.# ##_##.# ###
.#.#######...####
.....##.........##
.#.###..##...##..###
..##_..###_._###.._#


You could see a quokka (inner flame), a hobgoblin (inner flame) and 2 goblins.

Vanquished Creatures
  Natasha (D:2)
  Terence (D:2)
  Robin (D:2)
  An adder (D:2)
  2 worms (D:2)
  A dart slug (D:1)
  2 leopard geckos (D:1)
  2 giant cockroaches (D:2)
  10 goblins
  3 hobgoblins
  8 jackals (D:1)
  A quokka (D:2)
  4 bats (D:1)
  3 frilled lizards
  9 kobolds
  2 rats (D:1)
51 creatures vanquished.

Notes
Turn   | Place    | Note
-------+----------+-------------------------------------------
     0 | D:1      | Kniotic the Demonspawn Monk began the quest for the Orb.
     0 | D:1      | Reached XP level 1. HP: 18/18 MP: 1/1
    43 | D:1      | Reached skill level 3 in Unarmed Combat
   361 | D:1      | Gained mutation: You have a pair of small horns on your head. [demonic ancestry]
   361 | D:1      | Reached XP level 2. HP: 18/24 MP: 2/2
  1268 | D:1      | Reached XP level 3. HP: 28/29 MP: 3/3
  1606 | D:2      | Reached skill level 4 in Unarmed Combat
  2135 | D:2      | Found a faded altar of an unknown god.
  2135 | D:2      | Found a bloodstained altar of Trog.
  2141 | D:2      | Found a stormy altar of Qazlal.
  2143 | D:2      | Found a hide-covered altar of Uskayaw.
  2145 | D:2      | Found a shimmering altar of Xom.
  2180 | D:2      | Noticed Robin
  2639 | D:2      | Noticed Terence
  2686 | D:2      | Killed Terence
  2686 | D:2      | Gained mutation: You have a pair of horns on your head. [demonic ancestry]
  2686 | D:2      | Reached XP level 4. HP: 11/35 MP: 4/4
  2937 | D:2      | Noticed Natasha
  2943 | D:2      | Killed Natasha
  2951 | D:2      | Reached skill level 5 in Unarmed Combat
  3163 | D:2      | Killed Robin
  3164 | D:2      | Slain by a goblin

Skill      XL: |  1  2  3  4 |
---------------+-------------+-----
Unarmed Combat | 3 4 5 |  5.2
Fighting       | |  3.0
Dodging        | |  2.6
Stealth        | |  1.7

Action                   |  1- 3 |  4- 6 || total
-------------------------+-------+-------++-------
Melee: Unarmed           |   186 |    30 ||   216
       Headbutt          |    28 |     6 ||    34
       Punch             |     3 |       ||     3
  Use: Potion            |       |     2 ||     2
       Scroll            |       |     1 ||     1
 Stab: Sleeping          |     3 |       ||     3
  Eat: Chunk             |     5 |     2 ||     7
Armor: Robe              |    36 |     1 ||    37
Dodge: Dodged            |   127 |    13 ||   140
